Map: World of Sleepers LE

Players

spectRUM - Winner!

  • Race: Protoss Protoss
  • League: Silver
  • Spawn Location: 7:00

xSaintApocx

  • Race: Terran Terran
  • League: Silver
  • Spawn Location: 1:00

VOD

Have the link to the VOD?

Description

Time

  • Played on: Nov. 29, 2019, 1:50 a.m.
  • Length: 13:37
Show
View Real Time Build Order
Export as new Build Order

spectRUM Protoss - Winner!

Build Orders:  

Get SALT Encoding   

  12  0:01  Probe  
  13  0:13  Probe  
  14  0:20  Pylon  
  14  0:25  Probe  
  15  0:43  Gateway  
  15  0:44  Probe  
  16  0:52  Gateway  
  16  0:53  Assimilator  
  16  0:56  Probe (Chrono Boost)  
  17  1:05  Probe (Chrono Boost)  
  17  1:08  Pylon  
  17  1:10  Probe (Chrono Boost)  
  19  1:23  Probe (Chrono Boost)  
  19  1:25  Assimilator  
  20  1:35  Probe (Chrono Boost)  
  21  1:41  Probe (Chrono Boost), Cybernetics Core  
  22  1:49  Probe  
  22  1:50  Zealot  
  25  2:01  Probe (Chrono Boost)  
  25  2:07  Pylon  
  26  2:13  Probe (Chrono Boost)  
  27  2:18  Stalker  
  27  2:19  Warp Gate  
  27  2:20  Probe (Chrono Boost)  
  30  2:27  Probe  
  31  2:39  Probe  
  31  2:41  Nexus  
  32  2:52  Probe  
  33  3:04  Probe  
  36  3:06  Sentry  
  36  3:09  Gateway  
  36  3:12  Robotics Facility  
  36  3:17  Probe  
  36  3:18  Pylon  
  37  3:29  Probe  
  37  3:33  Pylon  
  38  3:36  Stalker  
  38  3:40  Assimilator  
  40  3:42  Pylon  
  40  3:43  Probe  
  42  3:56  Pylon, Probe (Chrono Boost)  
  42  3:59  Probe (Chrono Boost)  
  43  4:07  Probe (Chrono Boost)  
  43  4:09  Probe (Chrono Boost)  
  45  4:13  Probe (Chrono Boost)  
  45  4:15  Probe (Chrono Boost)  
  45  4:16  Observer  
  48  4:18  Assimilator  
  48  4:21  Probe  
  49  4:25  Probe, Stalker x2  
  54  4:33  Probe  
  54  4:37  Probe  
  56  4:44  Shield Battery  
  56  4:45  Probe  
  56  4:49  Forge  
  56  4:50  Robotics Bay, Probe  
  58  4:57  Probe  
  58  4:59  Immortal  
  63  5:02  Probe  
  64  5:08  Shield Battery  
  64  5:09  Pylon  
  64  5:10  Probe  
  65  5:14  Stalker  
  65  5:18  Stalker  
  65  5:19  Probe  
  70  5:22  Probe  
  71  5:36  Probe  
  71  5:37  Probe  
  73  5:49  Probe  
  74  5:57  Probe  
  74  6:01  Probe  
  76  6:05  Stalker x2  
  76  6:06  Colossus  
  76  6:10  Probe  
  87  6:13  Probe  
  88  6:26  Probe x2, Nexus  
  90  6:36  Stalker x2  
  94  6:44  Pylon  
  94  6:47  Pylon, Shield Battery  
  94  6:51  Pylon  
  94  6:52  Assimilator  
  94  6:55  Assimilator  
  94  7:01  Gateway  
  94  7:02  Gateway, Probe x2  
  94  7:03  Gateway  
  94  7:06  Colossus  
  94  7:07  Pylon  
  102  7:09  Protoss Ground Weapons Level 1  
  102  7:10  Pylon  
  102  7:14  Extended Thermal Lance  
  102  7:15  Probe  
  103  7:23  Probe  
  103  7:27  Photon Cannon, Probe  
  105  7:53  Stargate  
  105  7:58  Stalker x4  
  113  8:05  Probe x2  
  115  8:15  Probe  
  116  8:22  Probe x2, Shield Battery  
  116  8:24  Photon Cannon  
  116  8:26  Pylon  
  118  8:28  Stalker x2  
  118  8:29  Stalker x2  
  118  8:33  Nexus  
  126  8:41  Protoss Air Weapons Level 1  
  126  8:42  Gateway  
  126  8:43  Pylon  
  126  8:50  Twilight Council  
  126  8:51  Photon Cannon  
  126  8:55  Probe  
  127  8:56  Photon Cannon x2  
  127  8:57  Colossus  
  127  9:02  Void Ray  
  137  9:22  Photon Cannon, Probe  
  138  9:25  Photon Cannon, Probe x2  
  138  9:26  Pylon  
  138  9:27  Assimilator  
  140  9:37  Stalker x5  
  140  9:38  Charge  
  150  9:43  Pylon  
  150  9:45  Protoss Ground Weapons Level 2 (Chrono Boost)  
  150  9:50  Fleet Beacon  
  150  10:01  Zealot  
  150  10:02  Zealot x3  
  158  10:11  Dark Shrine  
  158  10:16  Immortal  
  162  10:29  Probe  
  162  10:30  Probe x2  
  165  10:38  Carrier (Chrono Boost)  
  171  10:46  Protoss Air Armor Level 1 (Chrono Boost)  
  171  10:48  Stargate  
  171  10:50  Stargate  
  171  10:52  Nexus  
  171  11:00  Immortal  
  175  11:23  Dark Templar  
  175  11:24  Dark Templar x5  
  187  11:28  Archon x3  
  187  11:35  Photon Cannon x2  
  187  11:38  Photon Cannon  
  187  11:40  Shield Battery  
  187  11:42  Tempest  
  187  11:44  Photon Cannon  
  192  11:49  Pylon  
  192  11:52  Pylon  
  192  11:55  Assimilator  
  192  11:59  Assimilator  
  192  12:02  Dark Templar  
  192  12:03  Dark Templar x3  
  192  12:07  Archon x2  
  165  13:30  Stalker x2  
  165  13:31  Stalker x4  
Show
View Real Time Build Order
Export as new Build Order

xSaintApocx Terran 

Build Orders:  

Get SALT Encoding   

  12  0:01  SCV  
  13  0:13  SCV  
  14  0:23  Supply Depot  
  14  0:31  Supply Depot  
  14  0:32  SCV  
  15  0:45  SCV  
  16  0:58  Barracks  
  16  1:07  Barracks  
  16  1:08  SCV  
  17  1:20  SCV  
  17  1:22  Barracks  
  18  1:32  SCV  
  19  1:45  Orbital Command  
  19  1:54  Refinery  
  19  2:00  Refinery  
  19  2:03  Marine x2  
  19  2:04  Engineering Bay  
  21  2:08  Marine  
  22  2:17  Engineering Bay  
  22  2:35  Barracks Tech Lab  
  22  2:46  Missile Turret  
  22  2:47  Missile Turret  
  22  2:53  SCV  
  22  2:55  Supply Depot  
  22  2:57  Supply Depot  
  23  3:04  Barracks Tech Lab  
  23  3:05  SCV  
  24  3:07  Barracks Tech Lab  
  24  3:17  SCV  
  24  3:19  Marauder  
  27  3:29  SCV  
  27  3:30  Marauder  
  30  3:39  Marauder  
  32  3:53  Command Center  
  32  3:57  Concussive Shells  
  32  4:11  Combat Shield  
  32  4:13  Marine x3  
  35  4:31  Marine x2  
  39  4:38  Marauder  
  39  4:49  Marauder x2  
  43  5:05  Factory  
  43  5:30  Marauder x2  
  43  5:31  Marauder  
  49  5:39  Planetary Fortress  
  49  5:52  Marauder x3  
  55  6:02  Starport  
  55  6:12  SCV  
  55  6:17  SCV  
  57  6:22  Marine, Marauder x2  
  62  6:34  Supply Depot x2  
  62  6:38  Missile Turret  
  62  6:44  Missile Turret  
  62  6:48  Starport Tech Lab  
  62  6:51  Factory Tech Lab  
  62  6:56  SCV x2  
  64  7:03  Refinery  
  64  7:05  Refinery  
  64  7:08  SCV x2  
  66  7:17  Marauder x3  
  66  7:20  SCV x2  
  74  7:32  SCV x2  
  76  7:37  Marine  
  76  7:38  Marine  
  76  7:39  Stimpack  
  76  7:42  Terran Infantry Armor Level 1  
  76  7:43  Terran Infantry Weapons Level 1  
  78  7:50  Supply Depot  
  78  7:54  Supply Depot  
  78  8:11  Medivac, Marine  
  81  8:21  Fusion Core  
  81  8:30  Marauder  
  81  8:31  Marauder x2  
  87  8:41  Medivac  
  87  8:45  Starport  
  87  8:47  Starport  
  89  8:55  Marine x3  
  92  9:04  Supply Depot  
  92  9:10  Supply Depot  
  92  9:11  Medivac  
  92  9:13  Rapid Reignition System  
  94  9:26  Marine x3  
  97  9:50  Armory  
  97  9:53  Armory, Starport Tech Lab  
  97  10:00  Medivac x2  
  101  10:17  Command Center  
  107  10:28  Battlecruiser  
  107  10:31  Medivac  
  109  10:40  Supply Depot  
  109  10:41  Supply Depot  
  109  10:44  Supply Depot  
  109  11:02  Viking, Medivac  
  113  11:09  Weapon Refit  
  113  11:17  Terran Infantry Armor Level 2  
  113  11:32  Viking x2  
  117  11:51  Viking  
  119  12:02  Viking x2  
  120  12:49  Refinery  
Tags
 
Add a new tag
Caveats
  • Supply blocks, unpowered buildings, or Contaminate may cause inaccurate times.
  • Supply counts are checked every 10 seconds.